 Seeded DCSS version 0.29.1-14-g9c671dbff4 (webtiles) character file.

Game seed: 8801078753918749808 (custom seed)

757 hikkokomori the Digger (level 7, -3/41 HPs)
             Began as a Gargoyle Earth Elementalist on Feb 18, 2023.
             Was an Initiate of Vehumet.
             Slain by Duvessa
             ... wielding a +0 rapier of venom
              (11 damage)
             ... on level 5 of the Dungeon.
             The game lasted 00:08:17 (4898 turns).

hikkokomori the Digger (GrEE)                       Turns: 4898, Time: 00:08:17

Health: -3/41      AC:  9    Str: 15    XL:     7   Next: 79%
Magic:  7/10       EV: 12    Int: 18    God:    Vehumet [......]
Gold:   165        SH:  0    Dex: 12    Spells: 6/10 levels left

rFire   . . .      SeeInvis .   k - +10 rapier "Vuexoed" {elec, *Rage rPois Str+4 Dex+2}
rCold   . . .      Faith    .   (no shield)
rNeg    + . .      Spirit   .   a - +1 robe
rPois   ∞          Reflect  .   (no helmet)
rElec   +          Harm     .   s - scarf {repulsion}
rCorr   .          Rampage  .   m - +1 Delatra's gloves {ID++}
Will    .....      Rage     20% (no boots)
Stlth   +++.......              (no amulet)
HPRegen 0.13/turn               o - ring of flight
MPRegen 0.12/turn               (no ring)

@: flying, repel missiles
A: sickness immunity, AC +4, negative energy resistance 1, electricity
resistance, torment resistance 1, petrification resistance
a: Renounce Religion


You were on level 5 of the Dungeon.
You worshipped Vehumet.
Vehumet was noncommittal.
You visited 1 branch of the dungeon, and saw 5 of its levels.
You also visited: Sewer.

You collected 165 gold pieces.

Inventory:

Hand Weapons
 f - a +0 antimagic quarterstaff
 k - the +10 rapier "Vuexoed" (weapon) {elec, *Rage rPois Str+4 Dex+2}
   (You found it on level 3 of the Dungeon)

   It occasionally discharges a powerful burst of electricity upon striking a
   foe.
   Str:       It affects your strength (+4).
   Dex:       It affects your dexterity (+2).
   rPois:     It protects you from poison.
   *Rage:     It berserks you when you make melee attacks (+20% chance).
 t - a +1 dagger of electrocution
 B - the +2 scimitar of Light {drain, rElec rC++ Dex+3 Stlth+}
   (You took it off a goblin on level 3 of the Dungeon)

   A truly terrible weapon, it drains the life of any living foe it strikes.
   Dex:       It affects your dexterity (+3).
   rC:        It greatly protects you from cold.
   rElec:     It insulates you from electricity.
   Stlth:     It makes you more stealthy.
Armour
 a - a +1 robe (worn)
 i - a +0 cloak
 m - the +1 Delatra's gloves (worn) {ID++}
   (You found it on level 4 of the Dungeon)

   It heals its wearer when they drink unknown potions.
   It restores its wearer's MP when they read unknown scrolls.
 s - a scarf of repulsion (worn)
Jewellery
 c - an amulet of faith
 o - a ring of flight (left hand)
 x - an amulet of the acrobat
Scrolls
 e - a scroll of silence
 j - 2 scrolls of fear
 r - 5 scrolls of teleportation
 u - 2 scrolls of poison {unknown}
 v - a scroll of summoning {unknown}
 w - a scroll of butterflies {unknown}
 y - a scroll of amnesia
 z - 2 scrolls of identify
 A - a scroll of enchant weapon {unknown}
Potions
 b - a potion of magic
 d - 6 potions of flight
 g - 2 potions of curing {unknown}
 h - 2 potions of might
 l - 2 potions of heal wounds
 n - a potion of cancellation
 p - 3 potions of invisibility
 q - 3 potions of haste {unknown}


   Skills:
 + Level 3.4 Fighting
 + Level 2.7 Short Blades
 - Level 1.7 Dodging
 + Level 5.3 Stealth
 - Level 2.1 Spellcasting
 + Level 3.2 Conjurations
 - Level 1.0 Transmutations
 + Level 6.1 Earth Magic


You had 6 spell levels left.
You knew the following spells:

 Your Spells              Type           Power      Damage    Failure   Level
a - Sandblast             Erth           48%        2d12      1%          1
b - Stone Arrow           Conj/Erth      36%        3d9       8%          3

Your spell library contained the following spells:

 Spells                   Type           Power      Damage    Failure   Level
 Passwall                 Tmut/Erth      11%        N/A       6%          2
 Petrify                  Tmut/Erth      14%        N/A       38%         4
 Chain Lightning          Conj/Air       3%         3d4       100%        9
 Fire Storm               Conj/Fire      3%         8d1       100%        9
 Shatter                  Erth           12%        3d13*     100%        9


Dungeon Overview and Level Annotations

Branches:
Dungeon (5/15)              Sewer (visited)
 Temple: D:4-7

Altars:
Elyvilon
Fedhas
Ru
Vehumet

Annotations:
D:5 Duvessa


Innate Abilities, Weirdness & Mutations

You are immune to sickness and miasma.
Your stone body is resilient. (AC +4)
You are immune to poison.
You resist negative energy. (rN+)
You are resistant to electric shocks. (rElec)
You are resistant to unholy torment.
You are immune to petrification.


Message History

You are exhausted.
You feel yourself slow down.
You now have 165 gold pieces (gained 15).
You feel yourself speed up.
You recover from your berserk rage.
Dowan, Brother of Duvessa comes into view.
He is wielding a +0 dagger.
Dowan shouts!
Dowan is nearby!
Dowan is nearby!
Duvessa, Sister of Dowan comes into view.
She is wielding a +0 rapier of venom.
Duvessa shouts!
You puncture Dowan! Lightning courses through Dowan!!
You kill Dowan!
Vehumet accepts your kill.
Duvessa screams in rage.
Duvessa goes berserk!
Duvessa rages.
Casting: Sandblast (safe; 1% risk of failure)
Confirm with . or Enter, or press ? or * to list all spells.
Aiming: Stone Arrow (dangerous; 8% risk of failure)
Press: ? - help, Shift-Dir - straight line, f - Duvessa
Aim: Duvessa, wielding a +0 rapier of venom and wearing a +0 leather armour (berserk, 72% to hit)
The stone arrow hits Duvessa!
Duvessa is moderately wounded.
Duvessa rages.
You hit Duvessa.
Duvessa is moderately wounded.
Duvessa hits you with a +0 rapier of venom.
You barely miss Duvessa.
Duvessa is moderately wounded.
Duvessa barely misses you. Duvessa hits you but does no damage.
You closely miss Duvessa.
Duvessa is moderately wounded.
Duvessa hits you with a +0 rapier of venom!!
Duvessa hits you with a +0 rapier of venom!
* * * LOW HITPOINT WARNING * * *
You hit Duvessa.
Duvessa is moderately wounded.
Duvessa hits you with a +0 rapier of venom!
You die...

..# #.# #.#
#.# #.#
#######.###.#
............#
####.e@###
#........#
........#.#
##.###..#.#
.# #.# #..#.#
.# #.###..#.#
.# #.#†...#.#
.# #.#.#.##.#
.###
#.#.#.##.#


You could see Duvessa (berserk).

Vanquished Creatures
  A wyvern (D:4)
  An ogre (D:4)
  Blork the orc (D:4)
  Dowan (D:5)
  A hound (D:5)
  2 iguanas
  An orc wizard (D:4)
  14 adders
  5 river rats
  An ufetubus (D:4)
  5 worms
  5 dart slugs
  7 orcs
  8 endoplasms
  4 giant cockroaches
  9 goblins
  5 hobgoblins
  6 jackals
  5 quokkas
  11 ball pythons
  13 bats
  8 frilled lizards
  6 kobolds
  6 rats
126 creatures vanquished.

Vanquished Creatures (others)
  A butterfly (D:4)
1 creature vanquished.

Grand Total: 127 creatures vanquished

Notes
Turn   | Place    | Note
-------+----------+-------------------------------------------
     0 | D:1      | hikkokomori the Gargoyle Earth Elementalist began the quest
                  | for the Orb.
     0 | D:1      | Reached XP level 1. HP: 10/10 MP: 3/3
   207 | D:1      | Reached skill level 1 in Transmutations
   207 | D:1      | Reached XP level 2. HP: 12/15 MP: 1/5
   428 | D:1      | Reached skill level 4 in Earth Magic
   673 | D:1      | Reached XP level 3. HP: 19/19 MP: 4/6
  1837 | D:3      | Reached XP level 4. HP: 24/24 MP: 2/7
  1843 | D:3      | Learned a level 3 spell: Stone Arrow
  1935 | D:3      | Identified the +10 rapier "Vuexoed" {elec, *Rage rPois
                  | Str+4 Dex+2}
  2035 | D:3      | Found a glowing drain.
  2046 | Sewer    | Entered a sewer
  2052 | Sewer    | Reached skill level 1 in Fighting
  2052 | Sewer    | Reached skill level 1 in Conjurations
  2052 | Sewer    | Reached XP level 5. HP: 24/29 MP: 2/8
  2173 | Sewer    | Reached skill level 5 in Earth Magic
  2554 | Sewer    | Reached skill level 1 in Short Blades
  2662 | Sewer    | Reached XP level 6. HP: 22/35 MP: 0/9
  2944 | D:3      | Identified the +2 scimitar of Light {drain, rElec rC++
                  | Dex+3 Stlth+}
  3668 | D:4      | Found a blossoming altar of Fedhas.
  3679 | D:4      | Found a radiant altar of Vehumet.
  3689 | D:4      | Became a worshipper of Vehumet
  3693 | D:4      | Found the +1 Delatra's gloves {ID++}
  3820 | D:4      | Found a sacrificial altar of Ru.
  3854 | D:4      | Noticed a wyvern
  3858 | D:4      | Killed a wyvern
  3924 | D:4      | Noticed Blork the orc
  3928 | D:4      | Killed Blork the orc
  3929 | D:4      | Reached XP level 7. HP: 35/40 MP: 6/10
  3967 | D:4      | Found a white marble altar of Elyvilon.
  4099 | D:4      | Reached skill level 5 in Stealth
  4764 | D:5      | Entered Level 5 of the Dungeon
  4771 | D:5      | Reached skill level 6 in Earth Magic
  4890 | D:5      | Noticed Dowan
  4891 | D:5      | Noticed Duvessa
  4893 | D:5      | Killed Dowan
  4898 | D:5      | Slain by Duvessa

Illustrated notes

Levels and vault maps discovered:
D:1:      scummos_arrival_forest, layout_basic
D:2:      layout_loops_cross
D:3:      layout_loops_ring, lightli_sewer_entry_pipes, minmay_checkerbox
D:4:      layout_loops_ring, nicolae_vehumet_altar_sigil, kennysheep_mini,
          nicolae_elyvilon_peaceful_grove, nicolae_ru_awakened_eye,
          chequers_serial_rivers_large_b, uniq_blork_the_orc
D:5:      layout_loops_ring, uniq_duvessa

Skill      XL: |  1  2  3  4  5  6  7 |
---------------+----------------------+-----
Transmutations | 1 |  1.0
Earth Magic    | 4 5 6 |  6.1
Stealth        | 3 4 5 |  5.3
Fighting       | 1 2 3 |  3.4
Conjurations   | 1 2 3 |  3.2
Short Blades   | 1 2 |  2.7
Dodging        | |  1.7
Spellcasting   | |  2.1

Action                   |  1- 3 |  4- 6 |  7- 9 || total
-------------------------+-------+-------+-------++-------
Melee: Unarmed           |     8 |       |       ||     8
       Quarterstaff      |     1 |       |       ||     1
       Rapier            |       |    74 |    29 ||   103
       Dagger            |       |     2 |       ||     2
       Punch             |       |       |     1 ||     1
 Cast: Sandblast         |    43 |    58 |     7 ||   108
       Stone Arrow       |       |       |     1 ||     1
  Use: Scroll            |     9 |     2 |       ||    11
 Stab: Sleeping          |       |     1 |     1 ||     2
       Distracted        |       |       |     1 ||     1
Armor: Robe              |     3 |    61 |     3 ||    67
Dodge: Dodged            |    11 |    98 |    13 ||   122
